 Dungeon Crawl Stone Soup version 0.31-a0-152-g6aa68a64a1 (webtiles) character file.

Game seed: 11753415618256663896

375 jasper the Magician (level 6, -1/35 HPs)
             Began as a Deep Elf Hedge Wizard on June 10, 2023.
             Was a Follower of Cheibriados.
             Killed by divine providence
             ... invoked by an orc priest
              (13 damage)
             ... on level 5 of the Dungeon.
             The game lasted 00:08:24 (5508 turns).

jasper the Magician (Deep Elf Hedge Wizard)         Turns: 5508, Time: 00:08:25

Health: -1/35      AC:  6    Str:  9    XL:     6   Next: 44%
Magic:  15/15      EV: 13    Int: 23    God:    Cheibriados [*.....]
Gold:   118        SH:  0    Dex: 16    Spells: 5/15 levels left

rFire   + . .        m - +0 dagger (venom)
rCold   . . .        (no shield)
rNeg    . . .        b - +0 robe
rPois   .            c - +0 hat
rElec   .            g - +0 cloak
rCorr   .            (no gloves)
SInv    .            p - +2 pair of boots
Will    .....        (no amulet)
Stlth   ++           h - ring of flight
HPRegen 0.25/turn    (no ring)
MPRegen 0.14/turn

%: no passive effects
@: flying, unable to drink, very slow
A: fire resistance 1, inability to drink after injury 1
a: Renounce Religion, Bend Time


You were on level 5 of the Dungeon.
You worshipped Cheibriados.
Cheibriados was aware of your devotion.
You visited 1 branch of the dungeon, and saw 5 of its levels.

You collected 149 gold pieces.
You spent 31 gold pieces at shops.

Inventory:

Hand Weapons
 a - a +0 dagger
 e - a +0 dagger
 i - a +0 short sword
 l - a +0 sling
 m - a +0 dagger of venom (weapon)
 s - a +0 shortbow
Missiles
 d - 2 throwing nets
 f - 65 stones
 k - 15 poisoned darts
Armour
 b - a +0 robe (worn)
 c - a +0 hat (worn)
 g - a +0 cloak (worn)
 p - a +2 pair of boots (worn)
Magical Staves
 t - a staff of fire
Jewellery
 h - a ring of flight (left hand)
Scrolls
 n - a scroll of identify
 r - a scroll of enchant armour {unknown}
Potions
 j - 2 potions of brilliance
 o - a potion of heal wounds {unknown}
 q - a potion of degeneration {unknown}


   Skills:
 + Level 1.6 Fighting
 + Level 3.7 Dodging
 - Level 2.4 Stealth
 + Level 1.4 Unarmed Combat
 - Level 5.1 Spellcasting
 - Level 1.1 Conjurations
 - Level 2.0 Summonings
 - Level 2.0 Necromancy
 - Level 2.0 Translocations
 - Level 2.0 Air Magic
 - Level 2.0 Poison Magic
 + Level 2.0 Invocations


You had 5 spell levels left.
You knew the following spells:

 Your Spells              Type           Power      Damage    Failure   Level
a - Magic Dart            Conj           44%        1d5       6%          1
b - Blink                 Tloc           30%        N/A       6%          2
c - Call Imp              Summ           30%        N/A       6%          2
d - Cigotuvi's Dreadful   Necr/Pois/Air  30%        N/A       6%          2
e - Mephitic Cloud        Conj/Pois/Air  13%        N/A       14%         3

Your spell library contained the following spells:

 Spells                   Type           Power      Damage    Failure   Level
 Slow                     Hex            20%        N/A       10%         1
 Manifold Assault         Tloc           15%        N/A       38%         4
 Malign Gateway           Summ/Tloc      7%         N/A       100%        7
 Storm Form               Tmut/Air       5%         N/A       100%        7
 Summon Horrible Things   Summ           7%         N/A       100%        8


Dungeon Overview and Level Annotations

Branches:
Dungeon (5/15)
 Temple: D:4-7

Altars:
Cheibriados

Shops:
D:1 *   D:2 [

Annotations:
D:4 exclusions: black bear and scorpion, Natasha
D:5 1 runed translucent door, Esekla's ghost, weakling OpDe


Innate Abilities, Weirdness & Mutations

Your flesh is heat resistant. (rF+)
You occasionally lose the ability to drink potions when taking damage.


Message History

You closely miss the orc priest.
The orc priest is lightly wounded.
The orc hits you with a +0 club.
The orc priest hits you with a +0 falchion.
Your cerulean imp hits the orc priest from afar with a -3 spear.
You take 8 damage, and have 19/35 hp.
MASSIVE DAMAGE!!
You hit the orc priest.
The orc priest is poisoned.
The orc priest is moderately wounded.
The orc priest barely misses you. The orc completely misses you.
Your cerulean imp barely misses the orc priest.
You closely miss the orc priest.
The orc priest is moderately wounded.
The orc priest calls upon Beogh to heal the orc.
The orc is healed somewhat.
The orc misses you.
Your cerulean imp barely misses the orc priest.
You hit the orc priest.
The orc priest looks as sick as possible!
The orc priest is heavily wounded.
The orc priest hits you but does no damage.
The orc misses you.
Your cerulean imp hits the orc priest from afar with a -3 spear.
You hit the orc.
The orc looks as sick as possible!
The orc is heavily wounded.
The orc hits you with a +0 club. The orc priest closely misses you.
Your cerulean imp closely misses the orc priest.
You take 3 damage, and have 17/35 hp.
You hit the orc but do no damage.
The orc looks as sick as possible!
The orc is severely wounded.
The orc hits you with a +0 club. The orc priest barely misses you.
Your cerulean imp misses the orc priest.
You take 5 damage, and have 12/35 hp.
You hit the orc.
You kill the orc!
Cheibriados thoroughly appreciates the change of pace.
You can now bend time to slow others.
Cheibriados raises the support of your attributes as your movement slows.
The orc priest invokes the aid of Beogh against you.
Beogh smites you!
You feel threatened and lose the ability to drink potions!
You die...

.. #.≈ .≈ .. .## ...
#.# #)# ###o###.#
#############.)@)...#
#.............5.##...#
#.###########.### .#.#
#.####### #.# #
##.#...... ...
#......... ##.##
#..#.####. #.. .....#
### #.####


You could see an orc priest (very poisoned, ally target) and a friendly cerulean
imp (summoned).

Vanquished Creatures
  A centaur (D:5)
  A howler monkey (D:5)
  A hound (D:5)
  An orc wizard (D:4)
  2 gnolls (D:4)
  5 adders
  A white imp (D:5)
  2 ufetubi
  A worm (D:4)
  3 dart slugs
  9 orcs
  6 bats (D:1)
  3 endoplasms
  2 giant cockroaches
  3 hobgoblins
  5 jackals
  4 quokkas
  6 ball pythons
  3 frilled lizards (D:1)
  6 goblins
  5 kobolds
  8 rats
78 creatures vanquished.

Vanquished Creatures (collateral kills)
  An orc priest (D:3)
  A gnoll (D:4)
2 creatures vanquished.

Grand Total: 80 creatures vanquished

Notes
Turn   | Place    | Note
-------+----------+-------------------------------------------
     0 | D:1      | jasper the Deep Elf Hedge Wizard began the quest for the
                  | Orb.
     0 | D:1      | Reached XP level 1. HP: 10/10 MP: 7/7
   144 | D:1      | Reached skill level 5 in Spellcasting
   234 | D:1      | Reached XP level 2. HP: 15/15 MP: 7/10
   237 | D:1      | Learned a level 2 spell: Blink
   240 | D:1      | Learned a level 2 spell: Call Imp
   243 | D:1      | Learned a level 2 spell: Cigotuvi's Dreadful Rot
   950 | D:1      | Reached XP level 3. HP: 19/19 MP: 4/11
   954 | D:1      | Learned a level 3 spell: Mephitic Cloud
  1010 | D:1      | Found Goth's Assorted Antiques.
  1015 | D:1      | Bought a scroll labelled BOLUOK YTZA for 31 gold pieces
  1527 | D:2      | Found Fuoceph's Antique Armour Emporium.
  1610 | D:2      | Reached skill level 1 in Necromancy
  1610 | D:2      | Reached skill level 1 in Poison Magic
  1854 | D:2      | Reached skill level 1 in Air Magic
  2669 | D:3      | Reached XP level 4. HP: 24/24 MP: 10/13
  3147 | D:3      | Found a snail-covered altar of Cheibriados.
  3232 | D:3      | Became a worshipper of Cheibriados the Contemplative
  3295 | D:3      | HP: 1/24 [orc/+0 war axe (7)]
  3296 | D:3      | Gained mutation: You occasionally lose the ability to drink
                  | potions when taking damage. [potion of mutation]
  3296 | D:3      | Gained mutation: Your flesh is heat resistant. (rF+)
                  | [potion of mutation]
  3854 | D:4      | Noticed a scorpion
  3862 | D:4      | Noticed Natasha
  3893 | D:4      | Reached XP level 5. HP: 12/28 MP: 9/14
  4245 | D:4      | Noticed a black bear
  5116 | D:5      | Entered Level 5 of the Dungeon
  5125 | D:5      | Reached skill level 1 in Fighting
  5145 | D:5      | Found a runed translucent door.
  5148 | D:5      | Noticed Esekla's ghost (weakling OpDe)
  5280 | D:5      | Reached skill level 1 in Invocations
  5293 | D:5      | Reached skill level 1 in Unarmed Combat
  5293 | D:5      | Reached XP level 6. HP: 26/34 MP: 15/15
  5508 | D:5      | Reached * piety under Cheibriados
  5508 | D:5      | Killed from afar by an orc priest

Illustrated notes

Levels and vault maps discovered:
D:1:      ldierk_walled_garden_2, layout_basic, serial_shops,
          nicolae_shop_rolling_square, st_stairs_3
D:2:      layout_basic, serial_shops, shop, minmay_surrounded
D:3:      layout_basic, mainiacjoe_overflow_brackets, portal_sewer_entry_d
D:4:      layout_loops_ring, serial_co_window_serial, co_window_corner_a,
          co_window_paths_a, co_window_paths_a, co_window_corner_a,
          co_window_paths_b, co_window_unsneaky_path_d, co_window_cross_3,
          co_window_corner_b, co_window_corner_b, co_window_paths_e,
          co_window_4corner_b, glass_columns_a, glass_columns_b,
          glass_columns_a, glass_columns_a, uniq_natasha
D:5:      layout_loops_ring, mainiacjoe_overflow_alcove_3,
          ebering_ghost_reflecting_pool

Skill      XL: |  1  2  3  4  5  6 |
---------------+-------------------+-----
Spellcasting   | 5 |  5.1
Necromancy     | 1 2 |  2.0
Poison Magic   | 1 2 |  2.0
Air Magic      | 1 2 |  2.0
Summonings     | 2 |  2.0
Translocations | 2 |  2.0
Dodging        | 3 |  3.7
Fighting       | 1 |  1.6
Invocations    | 1 2 |  2.0
Unarmed Combat | 1 |  1.4
Stealth        | |  2.4
Conjurations   | |  1.1

Action                     |  1- 3 |  4- 6 || total
---------------------------+-------+-------++-------
  Melee: Dagger            |     6 |   107 ||   113
         Short sword       |     1 |       ||     1
         Punch             |       |     3 ||     3
   Cast: Magic Dart        |   115 |    65 ||   180
         Call Imp          |       |     6 ||     6
         Mephitic Cloud    |       |     1 ||     1
         Blink             |       |     1 ||     1
    Use: Scroll            |     4 |     1 ||     5
         Potion            |       |     2 ||     2
 Armour: Robe              |     9 |    30 ||    39
  Dodge: Dodged            |    19 |    76 ||    95

Table legend: (Time is in decaauts)
 A = Elapsed time spent in this place.
 B = Non-inter-level travel time spent in this place.
 C = Inter-level travel time spent in this place.
 D = Time resting spent in this place.
 E = Time spent auto-exploring this place.
 F = Levels seen in this place.
 G = Mean time per level.
                   A        B        C        D        E       F      G
               +--------+--------+--------+--------+--------+-----+--------+
         Total |   6023 |   5800 |    223 |    491 |   4657 |   5 | 1204.6 |
       Dungeon |   6023 |   5800 |    223 |    491 |   4657 |   5 | 1204.6 |
               +--------+--------+--------+--------+--------+-----+--------+

Top non-repeatable levels by time:
     D:4: 1593 daAuts
     D:1: 1494 daAuts
     D:3: 1323 daAuts
     D:2: 1162 daAuts
     D:5: 449 daAuts
